 Dungeon Crawl Stone Soup version 0.25-a0-558-g78a2afb0af (webtiles) character file.

Game seed: 10164171476860043633, levelgen mode: classic

63884 EnegeticOcto the Pandemonic (level 14, -6/138 HPs)
             Began as a Deep Dwarf Fighter on Feb 24, 2020.
             Was a High Priest of Makhleb.
             Mangled by a wolf spider (12 damage)
             ... on level 4 of the Spider Nest.
             The game lasted 00:11:48 (13186 turns).

EnegeticOcto the Pandemonic (Deep Dwarf Fighter)   Turns: 13186, Time: 00:11:49

Health: -6/138     AC: 18    Str: 28    XL:     14   Next: 69%
Magic:  6/6        EV:  9    Int:  6    God:    Makhleb [*****.]
Gold:   354        SH: 20    Dex: 12    Spells: 13/13 levels left

rFire    + + .     SeeInvis +   a - +3 broad axe (venom)
rCold    . . .     Gourm    .   E - +0 tower shield
rNeg     + . .     Faith    .   D - +1 chain mail {rPois}
rPois    +         Spirit   .   n - +1 helmet
rElec    .         Reflect  .   w - scarf {cloud immunity}
rCorr    .         Harm     .   L - +2 pair of gloves "Sigill" {rF++ Str+4 Int-4 SInv}
MR       ++...                  (no boots)
Stlth    ..........             (no amulet)
HPRegen  0.00/turn              i - +4 ring of slaying {=R}
MPRegen  0.10/turn              O - +3 ring of slaying

@: non-regenerating, slowed, very slow
A: damage resistance, heal wounds, negative energy resistance 1, sense
surroundings 2, no regeneration
a: Heal Wounds, Minor Destruction, Lesser Servant of Makhleb, Major Destruction,
Greater Servant of Makhleb, Renounce Religion


You were on level 4 of the Spider Nest.
You worshipped Makhleb.
Makhleb was extremely pleased with you.
You were not hungry.

You visited 4 branches of the dungeon, and saw 22 of its levels.
You also visited: Sewer.

You collected 1061 gold pieces.
You spent 707 gold pieces at shops.

Inventory:

Hand Weapons
 a - a +3 broad axe of venom (weapon)
 b - a +1 war axe
 z - a +0 hand axe of flaming
Armour
 n - a +1 helmet (worn)
 w - a scarf of cloud immunity (worn)
 x - a scarf of repulsion
 D - a +1 chain mail of poison resistance (worn)
 E - a +0 tower shield (worn)
 L - the +2 pair of gloves "Sigill" (worn) {rF++ Str+4 Int-4 SInv}
   (You bought it in a shop on level 13 of the Dungeon)

   It affects your strength (+4).
   It affects your intelligence (-4).
   It greatly protects you from fire.
   It lets you see invisible.
   If you remove this armour, your AC will decrease by 3 (18 -> 15).
Jewellery
 i - a +4 ring of slaying (left hand) {=R}
 j - an uncursed ring of positive energy
 F - an uncursed ring of poison resistance
 O - a +3 ring of slaying (right hand)
Wands
 d - a wand of flame (13)
 f - a wand of acid (33) {@v1}
 m - a wand of iceblast (29)
 r - a wand of paralysis (12)
 A - a wand of polymorph (9)
 G - a wand of clouds (5)
Scrolls
 g - a scroll of identify {@r1}
 h - a scroll of fear
 o - 2 scrolls of immolation {@r4}
 p - 4 scrolls of teleportation {@r2}
 s - 9 scrolls of remove curse {@r6}
 y - a scroll of enchant armour
 B - a scroll of fog
 C - 6 scrolls of magic mapping {@r5}
 H - a scroll of blinking {@r3}
 J - a scroll of vulnerability
Potions
 c - 3 potions of cancellation
 k - 5 potions of might {@q3}
 l - 5 potions of lignification {@q7}
 q - a potion of magic
 t - 3 potions of heal wounds {@q2}
 u - 3 potions of flight
 v - 2 potions of curing {@q1}
 I - 2 potions of invisibility
 K - a potion of berserk rage
 N - 2 potions of resistance {unknown}
Comestibles
 e - 31 rations
 M - a chunk of flesh


   Skills:
 * Level 12.0 Fighting
 * Level 13.8 Axes
 + Level 10.5 Armour
 - Level 6.4 Dodging
 * Level 12.7 Shields
 * Level 14.0 Invocations


You had 13 spell levels left.
You didn't know any spells.
Your spell library was empty.

Dungeon Overview and Level Annotations

Branches:
Dungeon (14/15)            Temple (1/1) D:7            Lair (3/6) D:11
  Swamp (0/4) Lair:2       Spider (4/4) Lair:3          Orc (0/2) D:9
 Vaults (0/5) D:13          Sewer (visited)

Altars:
Ashenzari
Cheibriados
Dithmenos
Elyvilon
Fedhas
Gozag
Kikubaaqudgha
Makhleb
Nemelex Xobeh
Okawaru
Qazlal
Sif Muna
Trog
Uskayaw
Vehumet
Wu Jian
Xom
Zin
The Shining One

Shops:
D:9 [(   D:10 =:?   D:13 [%=

Annotations:
D:13 2 transporters, Ratty's ghost, journeyman MiFi
Lair:3 exclusion: ice statue


Innate Abilities, Weirdness & Mutations

You are resistant to damage.
You can heal yourself by infusing magical energy.
You resist negative energy. (rN+)
You passively map the area around you.
You do not regenerate.


Message History

The demonic crawler barely misses you.
The demonic crawler hits you but does no damage. x2
You're too confused!
You're too confused!
You feel better.
You kill the redback!
Makhleb accepts your kill.
You feel better. You block the tarantella's attack.
You block the wolf spider's attack. x2; The tarantella bites you!!
* * * LOW HITPOINT WARNING * * *
The entropy weaver mumbles some strange words.
The entropic weave corrodes you! The demonic crawler barely misses you.
The demonic crawler hits you!
* * * LOW HITPOINT WARNING * * *
The demonic crawler hits you but does no damage.
The tarantella bites you but does no damage.
Blink to where?
Press: ? - help, Dir - move target cursor You are very lightly contaminated with residual magic.
As you read the scroll of blinking {@r3}, it crumbles to dust. 2 demonic crawlers come into view.
The demonic crawler gives a hideous shriek! x2
The tarantella rages.
The entropy weaver gestures wildly while chanting.
The entropic weave corrodes you!
The demonic crawler moves out of view.
Found a war axe and 23 gold pieces.
Found a stone staircase leading up.
Evoke which item? (* to show all) (? for menu, Esc to quit)
Okay, then.
As you read the scroll of teleportation {@r2}, it crumbles to dust.
You feel strangely unstable.
Unknown command.
You feel much better.
The demonic crawler looks more healthy.
You block the tarantella's attack.
A wolf spider comes into view.
The tarantella bites you.
Your magical essence is drained by the effort!
You feel much better.
The wolf spider hisses angrily.
You block the tarantella's attack. You block the demonic crawler's attack.
The demonic crawler hits you. You block the demonic crawler's attack.
The demonic crawler barely misses you. The demonic crawler closely misses you.
The demonic crawler hits you. The tarantella bites you.
A redback comes into view.
You feel much better.
Your surroundings suddenly seem different.
An orb spider comes into view.
The orb spider hisses angrily.
A wolf spider comes into view.
The wolf spider hisses angrily.
A tarantella comes into view.
The tarantella hisses angrily.
A hornet comes into view.
The hornet buzzes angrily.
A jumping spider comes into view.
The jumping spider hisses angrily.
A spark wasp comes into view.
The spark wasp buzzes angrily.
A tarantella comes into view.
The tarantella hisses angrily.
A jumping spider comes into view.
The jumping spider hisses angrily.
A wolf spider comes into view.
The wolf spider hisses angrily.
You hear an angry buzzing noise. x2
You hear an angry hiss.
You hear an angry buzzing noise.
You hear an angry hiss.
A redback comes into view.
A jumping spider comes into view.
A hornet comes into view. x2; An orb spider comes into view.
You hear an angry hiss. x2
An emperor scorpion comes into view.
Your magical effects are unravelling.
You feel magically purged.
Your magical contamination has completely faded away.
You are no longer corroded.
The orb spider hisses angrily.
You hear an angry hiss. x3
The spark wasp stings you. The spark wasp shocks you!
A hornet comes into view.
A demon appears!
You hear an angry hiss.
You block the spark wasp's attack.
The wolf spider hits you but does no damage.
The wolf spider bites you.
The spark wasp stings you but does no damage.
The hornet stings you but does no damage.
An orb spider comes into view.
A demon appears!
You hear an angry hiss.
The wolf spider hits you but does no damage.
You block the wolf spider's attack. You block the hornet's attack.
The spark wasp stings you!!
* * * LOW HITPOINT WARNING * * *
The spark wasp shocks you!
* * * LOW HITPOINT WARNING * * *
The jumping spider leaps!
The hornet closely misses you.
Your green death hits the orb spider.
The wolf spider barely misses you. You block the wolf spider's attack.
A demon appears!
The jumping spider leaps!
You block the spark wasp's attack. You block the hornet's attack.
The hornet stings you.
* * * LOW HITPOINT WARNING * * *
You feel yourself slow down. The wolf spider hits you!
You die...

≈, ,, * , , ,
..## ** ≈, ,... *
, ,*## *#.^ ** ,*
# #.##^. # * ,
#^. ##^s#s##s#≈
*≈
.^..#^2°s2s.^^.
^≈
*.....2ysss°..^^,
, , * #.y@ys^y≈..
,##y^#s##.#. *
#### .. * , * , *
,s# * * , .#* **
^, , * * # * , ,
, ,* , , , *,, *
* * *


You could see an emperor scorpion, a spark wasp, 2 wolf spiders, 3 orb spiders,
4 hornets, 2 jumping spiders, 2 tarantellas, a redback, a friendly cacodemon and
2 friendly green deaths.

Vanquished Creatures
  Frances (D:14)
  2 entropy weavers (Spider:3)
  4 hydras
  A centaur warrior (D:13)
  A catoblepas (Lair:3)
  7 two-headed ogres
  An unseen horror (D:14)
  A wizard (D:13)
  Pikel (D:4)
  5 orb spiders
  4 ugly things
  11 wolf spiders
  A cyclops (D:11)
  2 black mambas (Lair:2)
  A moth of wrath (Spider:4)
  A manticore (D:11)
  2 gargoyles
  2 spiny frogs
  An efreet (D:14)
  Maggie (D:8)
  4 demonic crawlers
  4 komodo dragons
  4 yaktaurs (D:14)
  A freezing wraith (Lair:3)
  4 kobold demonologists
  3 meliai (D:13)
  4 trolls
  A tengu conjurer (D:14)
  19 jumping spiders
  3 tyrant leeches (Lair:2)
  A hornet (Spider:3)
  4 polar bears
  4 slime creatures
  Grinder (D:5)
  2 dream sheep (D:8)
  6 hippogriffs
  2 shadows
  A vampire (D:13)
  12 tarantellas
  27 redbacks
  2 wyverns
  3 wraiths
  A fire elemental (D:12)
  29 yaks
  A basilisk (Lair:1)
  3 vampire mosquitoes (D:14)
  3 hungry ghosts
  6 water moccasins
  3 acid dragons
  4 porcupines
  17 ice beasts
  An eye of draining (D:14)
  8 orc warriors
  2 phantoms
  4 ogres
  A black bear (D:8)
  A necrophage (D:12)
  6 sky beasts
  4 slaves (D:4)
  5 centaurs
  4 crocodiles
  9 big kobolds
  A gnoll sergeant (D:10)
  7 bullfrogs
  A water moccasin zombie (D:11)
  A wyvern skeleton (D:14)
  2 scorpions
  A water moccasin skeleton (D:10)
  6 howler monkeys
  An electric eel (Spider:2)
  2 bullfrog zombies
  11 crimson imps
  A quasit (D:8)
  5 hounds
  3 jellies
  A bullfrog skeleton (D:8)
  3 centaur zombies
  2 centaur skeletons
  15 orc wizards
  7 orc priests
  6 iguanas
  6 worker ants
  A hound skeleton (D:6)
  A howler monkey zombie (D:5)
  Robin (D:4)
  14 adders
  6 gnolls
  A howler monkey skeleton (D:7)
  4 river rats
  7 shadow imps
  2 white imps (Lair:3)
  An ooze (D:3)
  2 dart slugs (D:4)
  A leopard gecko (D:1)
  45 orcs
  5 bats
  2 giant cockroaches
  11 goblins
  5 hobgoblins
  12 jackals
  2 quokkas
  4 frilled lizards
  17 kobolds
  A leopard gecko skeleton (D:8)
  A quokka skeleton (D:4)
  A quokka zombie (D:8)
  4 rats
507 creatures vanquished.

Vanquished Creatures (collateral kills)
  Aizul (Spider:1)
  An emperor scorpion (Spider:3)
  A wolf spider (Spider:2)
  2 orb spiders
  A torpor snail (Spider:1)
  A demonic crawler (Spider:1)
  A jumping spider (Spider:2)
  5 redbacks
  2 tarantellas (Spider:2)
15 creatures vanquished.

Vanquished Creatures (others)
  A vampire (D:12)
  A big kobold (D:12)
  A fungus (Lair:1)
3 creatures vanquished.

Grand Total: 525 creatures vanquished

Notes
Turn   | Place    | Note
-------+----------+-------------------------------------------
     0 | D:1      | EnegeticOcto the Deep Dwarf Fighter began the quest for the
                  | Orb.
     0 | D:1      | Reached XP level 1. HP: 20/20 MP: 1/1
    92 | D:1      | Reached XP level 2. HP: 24/27 MP: 2/2
   430 | D:3      | Found a faded altar of an unknown god.
   744 | D:3      | Reached XP level 3. HP: 20/34 MP: 3/3
   840 | D:4      | Reached skill level 1 in Dodging
   846 | D:4      | Noticed Robin
   857 | D:4      | Killed Robin
   903 | D:4      | Reached XP level 4. HP: 38/42 MP: 3/3
   931 | D:4      | Noticed a slave
   935 | D:4      | Noticed a slave
   937 | D:4      | Noticed Pikel
   937 | D:4      | Noticed a slave
   938 | D:4      | Noticed a slave
   947 | D:4      | HP: 2/42 [slave[Pikel] (3)]
   951 | D:4      | Killed a slave
   951 | D:4      | Killed a slave
   961 | D:4      | Killed a slave
   964 | D:4      | Killed a slave
   970 | D:4      | Killed Pikel
   970 | D:4      | Reached XP level 5. HP: 45/51 MP: 4/4
   970 | D:4      | Reached XP level 6. HP: 51/58 MP: 5/5
   970 | D:4      | Reached XP level 7. HP: 58/66 MP: 6/6
  1128 | D:4      | Reached skill level 5 in Axes
  1263 | D:4      | Found a glowing drain.
  1285 | Sewer    | Entered a sewer
  1385 | Sewer    | Found a white marble altar of Elyvilon.
  1534 | D:5      | Entered Level 5 of the Dungeon
  1706 | D:5      | Noticed Grinder
  1720 | D:5      | Killed Grinder
  1720 | D:5      | Reached skill level 5 in Fighting
  1830 | D:5      | Reached skill level 5 in Armour
  1835 | D:5      | Reached XP level 8. HP: 42/74 MP: 7/7
  1875 | D:5      | Reached skill level 5 in Shields
  2281 | D:5      | Found an opulent altar of Gozag.
  2486 | D:6      | Found a shattered altar of Ashenzari.
  3152 | D:7      | Found a snail-covered altar of Cheibriados.
  3153 | D:7      | Found a bloodstained altar of Trog.
  3157 | D:7      | Found a shimmering altar of Xom.
  3195 | D:7      | Gained mutation: You passively map the area around you.
                  | [Deep Dwarf growth]
  3195 | D:7      | Reached XP level 9. HP: 43/84 MP: 8/8
  3213 | D:7      | Found a staircase to the Ecumenical Temple.
  3223 | Temple   | Entered the Ecumenical Temple
  3284 | Temple   | Became a worshipper of Makhleb the Destroyer
  3326 | D:7      | Reached skill level 1 in Invocations
  3424 | D:7      | Reached skill level 2 in Invocations
  3708 | D:7      | Reached skill level 5 in Dodging
  4044 | D:8      | Reached skill level 3 in Invocations
  4261 | D:8      | Reached * piety under Makhleb
  4261 | D:8      | Reached skill level 4 in Invocations
  4294 | D:8      | Reached XP level 10. HP: 45/94 MP: 12/12
  4304 | D:8      | Noticed a three-headed hydra
  4308 | D:8      | Killed a one-headed hydra
  4308 | D:8      | Reached skill level 5 in Invocations
  4620 | D:8      | Noticed Maggie
  4646 | D:8      | Killed Maggie
  5266 | D:9      | Reached skill level 6 in Invocations
  5290 | D:9      | Found Giohess's Weapon Boutique.
  5297 | D:9      | Found a staircase to the Orcish Mines.
  5299 | D:9      | Found Inloa's Armour Boutique.
  5305 | D:9      | Noticed a two-headed ogre
  5308 | D:9      | Reached ** piety under Makhleb
  5328 | D:9      | Killed a two-headed ogre
  5417 | D:9      | Noticed a two-headed ogre
  5432 | D:9      | Killed a two-headed ogre
  5432 | D:9      | Reached skill level 7 in Invocations
  5705 | D:9      | Reached XP level 11. HP: 40/104 MP: 12/12
  5784 | D:9      | Found a shadowy altar of Dithmenos.
  5785 | D:9      | Found a white marble altar of Elyvilon.
  6094 | D:10     | Entered Level 10 of the Dungeon
  6159 | D:10     | Reached *** piety under Makhleb
  6189 | D:10     | Reached skill level 10 in Axes
  6260 | D:10     | Reached skill level 8 in Invocations
  6446 | D:10     | Found Rots's Magic Scroll Boutique.
  6452 | D:10     | Bought a scroll of magic mapping for 59 gold pieces
  6472 | D:10     | Noticed a two-headed ogre
  6482 | D:10     | Killed a two-headed ogre
  6490 | D:10     | Found Hesile's Book Shop.
  6504 | D:10     | Noticed Sonja
  6505 | D:10     | Noticed Sonja
  6505 | D:10     | Sonja changed into Sonja the orb spider
  6520 | D:10     | Killed Sonja the orb spider
  6772 | D:10     | Found Hafy's Jewellery Shop.
  6915 | D:11     | Noticed a two-headed ogre
  6923 | D:11     | Killed a two-headed ogre
  6923 | D:11     | Reached skill level 9 in Invocations
  6941 | D:11     | Noticed a cyan ugly thing
  6953 | D:11     | Killed a cyan ugly thing
  6953 | D:11     | Reached **** piety under Makhleb
  7003 | D:11     | Noticed a soul eater
  7030 | D:11     | Reached XP level 12. HP: 104/115 MP: 12/12
  7221 | D:11     | Found a staircase to the Lair.
  7564 | D:11     | Noticed a seven-headed hydra
  7578 | D:11     | Killed a seven-headed hydra
  7578 | D:11     | Reached skill level 10 in Invocations
  8073 | D:12     | Reached ***** piety under Makhleb
  8294 | D:12     | You fall into a shaft and drop 2 floors!
  8294 | D:14     | Noticed a seven-headed hydra
  8300 | D:14     | Killed a seven-headed hydra
  8300 | D:14     | Reached skill level 10 in Fighting
  8374 | D:14     | Reached skill level 10 in Shields
  8437 | D:14     | Noticed a seven-headed hydra
  8452 | D:14     | Killed a nine-headed hydra
  8555 | D:14     | Reached skill level 11 in Invocations
  8661 | D:14     | Noticed a two-headed ogre
  8671 | D:14     | Killed a two-headed ogre
  8785 | D:14     | Found a sparkling altar of Nemelex Xobeh.
  8848 | D:14     | Reached XP level 13. HP: 78/124 MP: 13/13
  9138 | D:14     | Noticed Frances
  9195 | D:14     | Killed Frances
  9454 | D:13     | Found a transporter.
  9454 | D:13     | Noticed Ratty's ghost (journeyman MiFi)
  9477 | D:13     | Found a transporter.
  9533 | D:13     | Reached skill level 12 in Invocations
  9580 | D:13     | Found Wusoys's Armour Shop.
  9622 | D:13     | Found Leta's Food Emporium.
  9656 | D:13     | Found Firise's Jewellery Emporium.
  9776 | D:13     | Found a gate to the Vaults.
 10279 | D:13     | Bought the +2 pair of gloves "Sigill" {rF++ Str+4 Int-4
                  | SInv} for 648 gold pieces
 10388 | Lair:1   | Entered Level 1 of the Lair of Beasts
 10687 | Lair:2   | Found a staircase to the Swamp.
 11497 | Lair:3   | Found a hole to the Spider Nest.
 11755 | Lair:3   | Reached ****** piety under Makhleb
 12310 | Spider:1 | Entered Level 1 of the Spider Nest
 12324 | Spider:1 | Reached skill level 10 in Armour
 12372 | Spider:1 | Reached skill level 13 in Invocations
 12372 | Spider:1 | Gained mutation: You resist negative energy. (rN+) [Deep
                  | Dwarf growth]
 12372 | Spider:1 | Reached XP level 14. HP: 135/135 MP: 6/6
 12470 | Spider:1 | Noticed Aizul
 12493 | Spider:1 | Killed Aizul
 12781 | Spider:3 | Noticed an entropy weaver
 12795 | Spider:3 | Killed an entropy weaver
 12856 | Spider:3 | Noticed an entropy weaver
 12875 | Spider:3 | Killed an entropy weaver
 12944 | Spider:3 | Noticed an emperor scorpion
 12963 | Spider:3 | Killed an emperor scorpion
 13146 | Spider:3 | Reached skill level 14 in Invocations
 13165 | Spider:4 | Entered Level 4 of the Spider Nest
 13165 | Spider:4 | Noticed an entropy weaver
 13183 | Spider:4 | Noticed an emperor scorpion
 13186 | Spider:4 | HP: 6/138 [hornet (4)]
 13186 | Spider:4 | Mangled by a wolf spider

Levels and vault maps discovered:
D:1:      dpeg_arrival_subterranean_lakeside_camping, layout_loops_ring
D:2:      layout_basic, grunt_temple_overflow_diamond,
          yredelemnul_forgotten_temple_becter, uniq_jessica
D:3:      layout_basic, chequers_ecumenical_altar_grove
D:4:      layout_cave_pools, portal_sewer_entry_b, uniq_pikel, uniq_robin
D:5:      kennysheep_spiral_hall, layout_cave_pods, first_ration,
          grunt_gozag_statues, uniq_grinder
D:6:      layout_loops_ring, evilmike_ruin_ashenzari
D:7:      layout_layer_cave, grunt_temple_overflow_open,
          minmay_temple_entry_statues_pillars
D:8:      layout_basic, minmay_misc_feat_iff, hangedman_ranch
          [blue_anna_fruit_fields], st_stairs_5, uniq_maggie
D:9:      layout_loops_ring, gammafunk_temple_overflow_statue, orc_david_3
D:10:     layout_cross, serial_shops, nicolae_shop_crystal, shop,
          kennysheep_mini, bh_walls_and_bars, uniq_sonja
D:11:     layout_rooms, erik_lair_dragon, minmay_misc_feat_five
D:12:     layout_basic, minmay_joined_circles, uniq_azrael
D:13:     layout_gridville, david_vaults_1, gammafunk_ghost_arena, serial_shops,
          shop, shop, shop_statue, kennysheep_small_circle
D:14:     layout_irregular_city, portal_ice_cave_entry_ice_beasts,
          roderic_lattice_a, nemelex_altar_shiori, uniq_frances
Temple:   dshaligram_water_room_temple
Lair:1:   layout_gridlike, grunt_forest_large_clearings
Lair:2:   layout_cave_pods, minmay_swamp_entry_worms
Lair:3:   layout_regular_city, dummy_spider_entry, ice2_lemuel
Spider:1: layout_spider_delve, uniq_aizul
Spider:2: layout_spider_delve
Spider:3: layout_spider_delve, uniq_arachne
Spider:4: guppyfry_spider_rune, minivault_29

Skill      XL: |  1  2  3  4  5  6  7  8  9 10 11 12 13 14 |
---------------+-------------------------------------------+-----
Fighting       | 3 4 5 6 7 8 9 10 11 12 | 12.0
Dodging        | 1 2 3 4 5 6 |  6.4
Axes           | 3 4 5 7 8 9 10 12 13 | 13.8
Armour         | 4 5 6 7 8 9 10 | 10.5
Shields        | 4 5 6 7 9 10 11 12 | 12.7
Invocations    | 4 7 9 11 13 14 | 14.0

Action                   |  1- 3 |  4- 6 |  7- 9 | 10-12 | 13-15 || total
-------------------------+-------+-------+-------+-------+-------++-------
Melee: War axe           |    75 |    37 |   264 |   801 |   249 ||  1426
       Hand axe          |       |       |    33 |     9 |       ||    42
       Broad axe         |       |       |       |       |   367 ||   367
Invok: Lesser Servant of |       |       |       |       |    11 ||    11
       Greater Servant o |       |       |       |       |     3 ||     3
 Abil: Heal Wounds       |     2 |     3 |     8 |    26 |    36 ||    75
Evoke: Wand              |       |       |       |    16 |     3 ||    19
  Use: Scroll            |       |       |    14 |     5 |    11 ||    30
       Potion            |       |       |       |       |     4 ||     4
 Stab: Distracted        |       |       |       |       |     1 ||     1
  Eat: Chunk             |       |       |    14 |    18 |     8 ||    40
       Ration            |       |       |     1 |     1 |     2 ||     4
Armor: Scale mail        |    47 |    27 |    41 |       |       ||   115
       Plate armour      |       |       |    77 |   113 |       ||   190
       Chain mail        |       |       |       |   275 |   381 ||   656
Dodge: Dodged            |    28 |    28 |    88 |   211 |   240 ||   595
       Deflected         |       |       |       |     5 |       ||     5
Block: Kite shield       |    49 |    34 |   158 |   105 |       ||   346
       Tower shield      |       |       |       |   640 |   810 ||  1450

Table legend:
 A = Non-vault XP
 B = Vault XP
 C = Vault XP percentage of total XP
 D = Non-vault monster count
 E = Vault monster count
 F = Vault count percentage of total count
                 A         B        C        D         E       F
            +---------+---------+-------+---------+---------+-------
      Total |   72928 |   18335 |  20.1 |     420 |     100 |  19.2
            +---------+---------+-------+---------+---------+-------
        D:1 |      10 |       6 |  37.5 |       5 |       4 |  44.4
        D:2 |       2 |       0 |   0.0 |       1 |       0 |   0.0
        D:3 |      24 |       0 |   0.0 |      12 |       0 |   0.0
        D:4 |      94 |     743 |  88.8 |       8 |      18 |  69.2
        D:5 |     489 |     314 |  39.1 |      21 |       4 |  16.0
        D:6 |     534 |       0 |   0.0 |       7 |       0 |   0.0
        D:7 |    1558 |       0 |   0.0 |      21 |       0 |   0.0
        D:8 |    1126 |    2533 |  69.2 |      21 |      11 |  34.4
        D:9 |    3637 |     276 |   7.1 |      37 |       4 |   9.8
       D:10 |    4639 |     613 |  11.7 |      41 |       1 |   2.4
       D:11 |    6979 |    1316 |  15.9 |      41 |       6 |  12.8
       D:12 |    4290 |     923 |  17.7 |      36 |      11 |  23.4
       D:13 |    1929 |    4398 |  69.5 |      15 |       8 |  34.8
       D:14 |   11118 |    3361 |  23.2 |      32 |       9 |  22.0
     Lair:1 |     350 |       0 |   0.0 |       2 |       0 |   0.0
     Lair:2 |    3315 |     870 |  20.8 |      13 |       3 |  18.8
     Lair:3 |    3164 |    1660 |  34.4 |      11 |      10 |  47.6
   Spider:1 |    9160 |    1194 |  11.5 |      31 |       1 |   3.1
   Spider:2 |    6148 |       0 |   0.0 |      23 |       0 |   0.0
   Spider:3 |   12691 |       0 |   0.0 |      36 |       0 |   0.0
   Spider:4 |    1671 |       0 |   0.0 |       6 |       0 |   0.0
      Sewer |       0 |     128 | 100.0 |       0 |      10 | 100.0
            +---------+---------+-------+---------+---------+-------
